 Dungeon Crawl Stone Soup version 0.24-a0-443-g80245de385 (webtiles) character file.

Game seed: 9994727755067215001

34 Krouwed the Sneak (level 3, -2/27 HPs)
             Began as a Vampire Assassin on June 21, 2019.
             Slain by Sigmund
             ... wielding a +0 scythe
              (6 damage)
             ... on level 2 of the Dungeon.
             The game lasted 00:05:32 (1045 turns).

Krouwed the Sneak (Vampire Assassin)                Turns: 1045, Time: 00:05:32

Health: -2/27      AC:  3    Str: 11    XL:     3   Next: 14%
Magic:  2/2        EV: 12    Int: 13    God:
Gold:   98         SH:  0    Dex: 15    Spells: 2/2 levels left

rFire    . . .     SeeInvis +   a - +2 dagger
rCold    . . .     Gourm    .   (no shield)
rNeg     . . .     Faith    .   b - +0 robe
rPois    .         Spirit   .   (no helmet)
rElec    .         Reflect  .   c - +0 cloak
rCorr    .         Harm     .   (no gloves)
MR       .....                  (no boots)
Stlth    +++.......             (no amulet)
HPRegen  0.29/turn              (no ring)
MPRegen  0.08/turn              (no ring)

@: regenerating quickly
A: no food, fangs 3, see invisible, low mp 1, unbreathing, evolution 1
a: Exsanguinate


You were on level 2 of the Dungeon.
You were alive.

You visited 1 branch of the dungeon, and saw 2 of its levels.

You collected 98 gold pieces.

Inventory:

Hand Weapons
 a - a +2 dagger (weapon)
Missiles
 e - 2 curare-tipped darts (quivered)
Armour
 b - a +0 robe (worn)
 c - a +0 cloak (worn)
 p - a +0 pair of gloves
Jewellery
 l - an uncursed amulet of guardian spirit {unknown}
 m - an uncursed ring of ice {unknown}
Scrolls
 j - a scroll of identify {unknown}
 k - 2 scrolls of enchant weapon {unknown}
 n - a scroll of magic mapping {unknown}
 o - a scroll of remove curse {unknown}
Potions
 f - a potion of brilliance {unknown}
 h - a potion of mutation
 i - a potion of curing {unknown}


   Skills:
 + Level 2.2 Fighting
 + Level 2.7 Short Blades
 - Level 1.5 Throwing
 + Level 1.9 Dodging
 + Level 6.3 Stealth


You had 2 spell levels left.
You didn't know any spells.
Your spell library was empty.

Dungeon Overview and Level Annotations

Branches:
Dungeon (2/15)

Altars:

Annotations:
D:2 Sigmund


Innate Abilities, Weirdness & Mutations

You do not eat.
Your natural rate of healing is unusually fast.
You have razor-sharp teeth.
You have supernaturally acute eyesight. (SInv)
You can survive without breathing.
Your magical capacity is low. (-10% MP)
You evolve.


Message History

Sigmund is almost dead.
You closely miss Sigmund.
Sigmund is almost dead.
Sigmund barely misses you.
You hit Sigmund.
Sigmund is almost dead.
You hit Sigmund.
Sigmund is almost dead.
Sigmund casts a spell at you. The puff of flame hits you.
You barely miss Sigmund.
Sigmund is almost dead.
Sigmund hits you with a +0 scythe.
* * * LOW HITPOINT WARNING * * *
You barely miss Sigmund. You bite Sigmund, but do no damage.
Sigmund is almost dead.
You barely miss Sigmund.
Sigmund is almost dead.
Sigmund hits you with a +0 scythe.
You die...

##.######...##.#
#..............##.#
#..((.(...(.......#
#..[#####...#######
#............((#
#............(.#
#..............#
#..........@...#
#..........@...#
####...........####
.).............#
...............#
......†...######
........>.#
........#.#
..........#
........###


You could see Sigmund (invisible).

Vanquished Creatures
  An adder (D:2)
  A leopard gecko (D:1)
  A ball python (D:2)
  A goblin (D:1)
  3 hobgoblins (D:1)
  3 jackals (D:1)
  2 kobolds (D:1)
  4 bats
  2 frilled lizards
  3 rats (D:1)
21 creatures vanquished.

Notes
Turn   | Place    | Note
-------+----------+-------------------------------------------
     0 | D:1      | Krouwed the Vampire Assassin began the quest for the Orb.
     0 | D:1      | Reached XP level 1. HP: 16/16 MP: 1/1
   152 | D:1      | Reached skill level 6 in Stealth
   165 | D:1      | Reached XP level 2. HP: 21/22 MP: 2/2
   830 | D:2      | Reached XP level 3. HP: 20/27 MP: 3/3
   964 | D:2      | Noticed Sigmund
   979 | D:2      | Gained mutation: Your magical capacity is low. (-10% MP)
                  | [potion of mutation]
   979 | D:2      | Gained mutation: You evolve. [potion of mutation]
  1045 | D:2      | Slain by Sigmund

Levels and vault maps discovered:
D:1:      noname_arrival_rooms_in_the_neighbourhood, layout_basic
D:2:      layout_basic, uniq_sigmund

Skill      XL: |  1 |
---------------+----+-----
Stealth        | 6 |  6.3
Fighting       | 2 |  2.2
Short Blades   | |  2.7
Throwing       | |  1.5
Dodging        | |  1.9

Action                   || total
-------------------------++-------
Melee: Dagger            ||    55
       Bite              ||     5
Throw: Dart              ||    15
  Use: Scroll            ||     2
       Potion            ||     1
 Stab: Sleeping          ||    10
Armor: Robe              ||     4
Dodge: Dodged            ||    24

Table legend:
 A = Non-vault XP
 B = Vault XP
 C = Vault XP percentage of total XP
 D = Non-vault monster count
 E = Vault monster count
 F = Vault count percentage of total count
                 A         B        C        D         E       F
            +---------+---------+-------+---------+---------+-------
      Total |      49 |       0 |   0.0 |      21 |       0 |   0.0
            +---------+---------+-------+---------+---------+-------
        D:1 |      30 |       0 |   0.0 |      17 |       0 |   0.0
        D:2 |      19 |       0 |   0.0 |       4 |       0 |   0.0
            +---------+---------+-------+---------+---------+-------
